cohdb
Replays
Latest Replays
All Replays
Popular Replays
Top Player Replays
Match Explorer
How It Works
Community
CoH3 Stats
Reddit
Sign in to upload your games and track your stats! →
Sign in with Steam
Match 40453432
Unlisted
Match 40453432
Overview
Messages
Build Orders
End
Construct Weapon Support Center
Selects Heavy Weapons
M1919 Machine Gun Team
M1919 Machine Gun Team
Construct Barracks
M1 Mortar Team
Riflemen Squad
Riflemen Squad
Infantry Support Center
M3 Armored Personnel Carrier
Selects Assault Carriers
M1 Mortar Team
Selects M2HB .50cal Heavy Machine Gun
M3 Assault Carrier
Riflemen Squad
M1918 Browning Automatic Rifles
M3 Assault Carrier
メ hd_389
DouDou
Sra či
xjxyGL
Serier13
Jd577
Maschinengewehr42
重生之我在COH3里玩CS,因为只有框
0
0
Comments
sign in to comment!
No comments posted yet!